 Dungeon Sprint DCSS version 0.29-a0-1027-gcd8c55af63 (webtiles) character file.

Game seed: 3328934627120720590

2004 mhtbhm the Unseen (level 9, -4/47 HPs)
             Began as a Spriggan Brigand on Aug 13, 2022.
             Was a Believer of Dithmenos.
             Shot with an arrow by a centaur warrior (23 damage)
             ... in the Dungeon (Sprint IX: "|||||||||||||||||||||||||||||").
             The game lasted 00:02:47 (599 turns).

mhtbhm the Unseen (Spriggan Brigand)                 Turns: 599, Time: 00:02:48

Health: -4/47      AC:  5    Str:  7    XL:     9   Next: 2%
Magic:  13/15      EV: 26    Int: 12    God:    Dithmenos [**....]
Gold:   0          SH:  0    Dex: 21    Spells: 8/8 levels left

rFire   . . .      SeeInvis +   a - +2 dagger
rCold   . . .      Faith    .   (no shield)
rNeg    . . .      Spirit   .   b - +0 robe
rPois   .          Reflect  .   (helmet restricted)
rElec   .          Harm     .   c - +0 cloak
rCorr   .          Rampage  .   (gloves unavailable)
Will    +....      NoTele   +   (boots unavailable)
Stlth   ++++++++++              (no amulet)
HPRegen 0.15/turn               o - +2 ring of protection
MPRegen 0.14/turn               p - +2 ring of evasion

@: wreathed by umbra, very quick
A: very small, no large weapons, unfitting armour, see invisible, speed 3
a: Renounce Religion, Shadow Step


You were in the Dungeon.
You worshipped Dithmenos.
Dithmenos was pleased with you.
You visited 1 branch

Inventory:

Hand Weapons
 a - a +2 dagger (weapon)
Missiles
 d - 9 poisoned darts (quivered)
Armour
 b - a +0 robe (worn)
 c - a +0 cloak (worn)
Jewellery
 o - a +2 ring of protection (left hand)
 p - a +2 ring of evasion (right hand)
Wands
 n - a wand of iceblast (1)
Scrolls
 k - 2 scrolls of blinking
 m - 2 scrolls of amnesia
Potions
 f - 3 potions of curing
 g - a potion of invisibility
 i - 4 potions of magic


   Skills:
 + Level 5.2 Fighting
 + Level 8.1 Short Blades
 + Level 7.0 Throwing
 + Level 8.4 Dodging
 + Level 20.6 Stealth
 * Level 7.0 Invocations
 + Level 4.4 Evocations


You had 8 spell levels left.
You didn't know any spells.
Your spell library was empty.

Dungeon Overview and Level Annotations

Branches:
Dungeon (1/1)

Altars:
Cheibriados
Dithmenos
Elyvilon
Fedhas
Gozag
Hepliaklqana
Kikubaaqudgha
Makhleb
Nemelex Xobeh
Okawaru
Qazlal
Ru
Sif Muna
Trog
Uskayaw
Vehumet
Wu Jian
Xom
Yredelemnul
Zin
The Shining One
Jiyva
Lugonu


Innate Abilities, Weirdness & Mutations

You are very small and have problems with some larger weapons.
You are too small for most types of armour.
You have supernaturally acute eyesight. (SInv)
You cover ground extremely quickly. (Speed+++)


Message History

The cyclops is poisoned.
The cyclops convulses.
The cyclops seems to slow down.
The cyclops is almost dead.
There is an open door to the Dungeon here.
Aiming: Iceblast
Press: ? - help, Shift-Dir - straight line, f/p - cyclops
Aim: a cyclops, quivering large rocks (almost dead, very poisoned, slow)
The mass of ice explodes!
The iceblast engulfs the cyclops!
You kill the cyclops!
Dithmenos accepts your kill.
The iceblast engulfs the centaur warrior!
The centaur warrior is moderately wounded.
The centaur warrior wields a +0 shortbow.
The centaur warrior shoots an arrow.
The arrow hits you.
Your Short Blades skill increases to level 8!
Your Throwing skill increases to level 7!
Your Dodging skill increases to level 8!
Your Invocations skill increases to level 7!
Your Evocations skill increases to level 4!
You have reached level 9!
Your experience leads to an increase in your attributes!
Increase (S)trength, (I)ntelligence, or (D)exterity?
You feel agile. x2
Unknown command.
The centaur warrior shoots an arrow.
The arrow misses you.
Unknown command.
You close the door.
You feel better.
Unknown command.
You open the door.
The centaur warrior shoots an arrow.
The arrow hits you!
The centaur warrior shoots an arrow.
The arrow hits you.
Throw: dart (curare)
Press: ? - help, Q - select action, (/) - cycle Shift-Dir - straight line, f - centaur warrior
Aim: a centaur warrior, wielding a +0 shortbow (moderately wounded, 73% to hit)
You throw a curare-tipped dart.
The curare-tipped dart hits the centaur warrior.
The centaur warrior is poisoned.
The centaur warrior convulses.
The centaur warrior seems to slow down.
The centaur warrior is moderately wounded.
The centaur warrior shoots an arrow.
The arrow hits you!!
You die... ▓▓▓▓▓▓▓▓▓▓▓▓▓▓▓▓▓▓▓▓▓▓▓▓▓▓▓▓▓▓▓▓ _______'..).[[[.@'.cyiu.i.u.u..+ ▓▓▓▓▓▓▓▓▓▓▓▓▓▓▓▓▓▓▓▓▓▓▓▓▓▓▓▓▓▓▓▓

You could see a green ugly thing, a centaur warrior (very poisoned, slow), a vampire mosquito and a spriggan.

Vanquished Creatures
  A two-headed ogre (D)
  A cyclops (D)
  A troll (D)
  2 wraiths (D)
  A vampire mosquito (D)
  A black bear (D)
  An orc warrior (D)
  A scorpion (D)
  A necrophage (D)
  A howler monkey (D)
  A hound (D)
  A jelly (D)
  An endoplasm (D)
  A giant cockroach (D)
  A hobgoblin (D)
  A kobold (D)
  A ball python (D)
18 creatures vanquished.

Notes
Turn   | Place    | Note
-------+----------+-------------------------------------------
     0 | D        | mhtbhm the Spriggan Brigand began the quest for the Orb.
     0 | D        | Reached XP level 1. HP: 10/10 MP: 2/2
     8 | D        | Reached skill level 6 in Stealth
    17 | D        | Reached skill level 7 in Stealth
    35 | D        | Noticed a jelly
    35 | D        | Noticed a necrophage
    35 | D        | Noticed a hound
    35 | D        | Noticed a black bear
    35 | D        | Noticed a scorpion
    37 | D        | Killed a jelly
    38 | D        | Reached skill level 9 in Stealth
    38 | D        | Reached XP level 2. HP: 15/15 MP: 3/3
    38 | D        | Reached XP level 3. HP: 18/18 MP: 4/4
    39 | D        | Killed a necrophage
    40 | D        | Reached skill level 12 in Stealth
    40 | D        | Reached XP level 4. HP: 23/23 MP: 5/5
    48 | D        | Reached skill level 13 in Stealth
    60 | D        | Killed a black bear
    61 | D        | Reached skill level 5 in Short Blades
    61 | D        | Reached skill level 15 in Stealth
    61 | D        | Reached XP level 5. HP: 18/28 MP: 6/6
    62 | D        | Reached skill level 16 in Stealth
    62 | D        | Reached XP level 6. HP: 21/32 MP: 7/7
   174 | D        | Found a snail-covered altar of Cheibriados.
   174 | D        | Found a shadowy altar of Dithmenos.
   174 | D        | Found a white marble altar of Elyvilon.
   174 | D        | Found a blossoming altar of Fedhas.
   174 | D        | Found an opulent altar of Gozag.
   175 | D        | Found a hazy altar of Hepliaklqana.
   176 | D        | Found a viscous altar of Jiyva.
   177 | D        | Found an ancient bone altar of Kikubaaqudgha.
   178 | D        | Found a corrupted altar of Lugonu.
   179 | D        | Found a burning altar of Makhleb.
   180 | D        | Found a sparkling altar of Nemelex Xobeh.
   184 | D        | Became a worshipper of Dithmenos the Shadowed
   187 | D        | Found an iron altar of Okawaru.
   188 | D        | Found a stormy altar of Qazlal.
   189 | D        | Found a sacrificial altar of Ru.
   190 | D        | Found a shimmering blue altar of Sif Muna.
   191 | D        | Found a bloodstained altar of Trog.
   192 | D        | Found a hide-covered altar of Uskayaw.
   193 | D        | Found a radiant altar of Vehumet.
   194 | D        | Found an ornate altar of the Wu Jian Council.
   195 | D        | Found a shimmering altar of Xom.
   196 | D        | Found a basalt altar of Yredelemnul.
   197 | D        | Found a glowing silver altar of Zin.
   198 | D        | Found a glowing golden altar of the Shining One.
   229 | D        | Noticed a wraith
   229 | D        | Noticed an orc warrior
   229 | D        | Noticed a troll
   229 | D        | Noticed a vampire mosquito
   229 | D        | Noticed a wraith
   284 | D        | Killed a wraith
   285 | D        | Reached skill level 5 in Throwing
   285 | D        | Reached skill level 17 in Stealth
   285 | D        | Reached skill level 1 in Evocations
   291 | D        | Killed an orc warrior
   300 | D        | Killed a troll
   300 | D        | Reached * piety under Dithmenos
   301 | D        | Reached skill level 18 in Stealth
   301 | D        | Reached XP level 7. HP: 28/37 MP: 8/11
   320 | D        | Killed a vampire mosquito
   321 | D        | Reached skill level 5 in Dodging
   321 | D        | Reached skill level 19 in Stealth
   331 | D        | Killed a wraith
   332 | D        | Reached skill level 5 in Invocations
   333 | D        | Reached ** piety under Dithmenos
   334 | D        | Reached XP level 8. HP: 14/42 MP: 11/13
   579 | D        | Noticed a two-headed ogre
   579 | D        | Noticed a cyclops
   579 | D        | Noticed a centaur warrior
   579 | D        | Noticed a green ugly thing
   590 | D        | Killed a two-headed ogre
   591 | D        | Reached skill level 5 in Fighting
   591 | D        | Reached skill level 20 in Stealth
   594 | D        | Killed a cyclops
   595 | D        | Reached XP level 9. HP: 25/47 MP: 13/15
   599 | D        | Shot with an arrow by a centaur warrior

Illustrated notes

Levels and vault maps discovered:
D:        linesprint [early_d, line_temple, items_1, d_10, items_2, lair_1,
          lair_end, items_3, orc_1, orc_end, items_4, d_15, swamp_1, shoals_1,
          snake_1, spider_1, d_20, vaults_1, items_5, swamp_end, shoals_end,
          snake_end, spider_end, vaults_end, d_27, items_6, zot_1, zot_end,
          crypt_end, forest_end, elf_end, slime_end, tomb_end, abyss_end,
          pan_hell_end]

Skill      XL: |  1  2  3  4  5  6  7  8 |
---------------+-------------------------+-----
Stealth        | 9 12 15 16 18 19 20 | 20.6
Fighting       | 2 3 4 5 |  5.2
Short Blades   | 3 4 5 6 7 8 |  8.1
Throwing       | 3 4 5 6 7 |  7.0
Dodging        | 2 4 6 8 |  8.4
Invocations    | 4 5 7 |  7.0
Evocations     | 2 4 |  4.4

Action                   |  1- 3 |  4- 6 |  7- 9 || total
-------------------------+-------+-------+-------++-------
Melee: Dagger            |    16 |    41 |    25 ||    82
       Punch             |     1 |       |     1 ||     2
Throw: Dart              |       |    10 |     3 ||    13
Evoke: Wand              |       |     5 |     4 ||     9
  Use: Potion            |     1 |     3 |     3 ||     7
 Stab: Sleeping          |     2 |       |       ||     2
Armor: Robe              |     1 |     2 |     3 ||     6
Dodge: Dodged            |     8 |    24 |    31 ||    63

Table legend: (Time is in decaauts)
 A = Elapsed time spent in this place.
 B = Non-inter-level travel time spent in this place.
 C = Inter-level travel time spent in this place.
 D = Time resting spent in this place.
 E = Time spent auto-exploring this place.
 F = Levels seen in this place.
 G = Mean time per level.
                   A        B        C        D        E       F      G
               +--------+--------+--------+--------+--------+-----+--------+
         Total |    542 |    542 |      0 |    336 |      7 |   1 |  542.0 |
       Dungeon |    542 |    542 |      0 |    336 |      7 |   1 |  542.0 |
               +--------+--------+--------+--------+--------+-----+--------+

Top non-repeatable levels by time:
       D: 542 daAuts
